AoeStats
← Bukit Timah

Arabia

505489293Analyzed
3v3 RM · 21d ago on Sep 9, 2026· 87m 53s· 6 players
Game mode
Random Map
Map size
Normal (6 player)
Population
200
Speed
Normal
Resources
Standard
Victory
Conquest
Starting age
Dark Age
Ending age
Imperial Age
RankedLock teamsTeams togetherTeam positionsShared explorationLock speedFull tech treeHidden civsTurbo modeCheats
Victory
Defeat
🇨🇭 Mapuche · Switzerland
817
+12
🇨🇭 Persians · Switzerland
782
+14
🇮🇳 Goths · India
778
+14
🇫🇷 Franks · France
796
-15
🇨🇿 Khmer · Czechia
769
-15
🇬🇧 Mongols · United Kingdom
644
-11
demo.01
12:12 Feudal Age
17:41 Castle Age
16:35 Horse Collar
18:55 Heavy Plow
22:38 Double-Bit Axe
33:34 Imperial Age
31:26 Fletching
32:22 Bodkin Arrow
34:51 Conscription
35:27 Wheelbarrow
37:02 Bracer
38:44 Ballistics
38:22 Murder Holes
39:28 Chemistry
38:34 Siege Engineers
39:12 Forging
39:02 Scale Mail Armor
39:57 Gold Mining
39:58 Stone Mining
43:46 Bloodlines
43:06 Cavalier
xelar
10:54 Feudal Age
15:30 Castle Age
14:36 Double-Bit Axe
25:18 Wheelbarrow
24:29 Town Watch
25:00 Loom
24:46 Pikeman
26:02 Gold Mining
28:30 Forging
28:23 Scale Mail Armor
29:33 Hand Cart
30:53 Iron Casting
30:10 Fletching
36:02 Imperial Age
35:13 Husbandry
35:32 Chain Mail Armor
35:23 Scale Barding Armor
36:13 Cavalier
38:04 Blast Furnace
37:25 Chain Barding Armor
36:29 Halberdier
37:51 Paladin
39:04 Conscription
47:51 Plate Barding Armor
66:32 Caravan
79:27 Town Patrol
gly_tudor
11:52 Feudal Age
13:03 Double-Bit Axe
16:58 Wheelbarrow
16:41 Man-at-Arms
20:18 Castle Age
19:08 Gold Mining
19:21 Horse Collar
24:54 Fletching
26:01 Bow Saw
25:34 Pikeman
26:14 Squires
27:33 Stone Mining
27:59 Bodkin Arrow
28:28 Hand Cart
28:46 Husbandry
28:57 Bloodlines
30:47 Padded Archer Armor
32:49 Leather Archer Armor
32:45 Forging
33:41 Scale Mail Armor
34:28 Gold Shaft Mining
37:26 Imperial Age
34:44 Town Watch
37:48 Iron Casting
37:28 Chain Mail Armor
37:32 Fortified Wall
37:42 Ballistics
38:54 Parthian Tactics
37:50 Heavy Cavalry Archer
39:55 Murder Holes
40:53 Elite Mangudai
42:28 Stone Shaft Mining
41:38 Elite Skirmisher
44:34 Town Patrol
44:22 Loom
45:17 Bracer
46:51 Long Swordsman
48:13 Drill
50:18 Blast Furnace
49:49 Plate Mail Armor
50:32 Chemistry
51:12 Caravan
53:50 Capped Ram
55:33 Nomads
55:57 Siege Ram
56:02 Onager
59:02 Light Cavalry
59:09 Heavy Camel Rider
60:49 Light Cavalry
63:02 Scale Barding Armor
62:25 Siege Onager
67:30 Two-Handed Swordsman
Bukit Timah
0:28 Loom
11:49 Feudal Age
15:15 Wheelbarrow
16:50 Horse Collar
19:44 Double-Bit Axe
20:55 Gold Mining
21:48 Bloodlines
25:29 Castle Age
23:39 Arson
26:40 Bow Saw
26:31 Caravan
26:49 Stone Mining
31:44 Elite Skirmisher
36:31 Pikeman
37:12 Squires
39:24 Gold Shaft Mining
39:24 Stone Shaft Mining
39:01 Forging
38:51 Scale Mail Armor
38:56 Scale Barding Armor
38:42 Fletching
38:52 Padded Archer Armor
39:35 Light Cavalry
41:22 Masonry
42:03 Husbandry
45:19 Imperial Age
49:08 Kamandaran
50:01 Hand Cart
52:21 Capped Ram
53:43 Halberdier
55:14 Siege Ram
71:42 Heavy Camel Rider
84:41 Town Watch
85:32 Architecture
84:52 Heated Shot
84:58 Murder Holes
85:24 Ballistics
GALAT
5:39 Loom
11:46 Feudal Age
12:39 Double-Bit Axe
12:37 Horse Collar
12:50 Gold Mining
24:12 Castle Age
23:04 Forging
22:55 Scale Mail Armor
22:47 Stone Mining
25:12 Bow Saw
25:05 Heavy Plow
29:10 Imperial Age
26:05 Pikeman
26:45 Squires
28:35 Iron Casting
28:16 Chain Mail Armor
28:15 Squires
27:59 Man-at-Arms
28:41 Long Swordsman
29:59 Two-Handed Swordsman
30:00 Halberdier
32:28 Crop Rotation
33:11 Wheelbarrow
34:02 Caravan
34:53 Hand Cart
35:30 Anarchy
35:50 Champion
41:40 Blast Furnace
41:07 Perfusion
46:09 Elite Huskarl
64:10 Conscription
67:40 Murder Holes
75:52 Town Watch
81:53 Town Patrol
81:45 Fletching
87:43 Spies/Treason
Bukit Matterhorn
3:21 Loom
11:16 Feudal Age
11:45 Double-Bit Axe
12:14 Horse Collar
12:47 Gold Mining
14:35 Wheelbarrow
14:19 Town Watch
14:43 Stone Mining
22:32 Castle Age
23:37 Hand Cart
23:35 Bow Saw
23:29 Heavy Plow
24:08 Gold Shaft Mining
25:04 Town Patrol
26:32 Coinage
31:52 Imperial Age
32:42 Butalmapu
33:03 Conscription
32:56 Forging
33:41 Crop Rotation
34:47 Iron Casting
33:59 Pikeman
34:43 Scale Mail Armor
34:31 Arson
35:05 Caravan
36:38 Blast Furnace
37:19 Elite Kona
39:22 Hoardings
39:20 Fletching
39:57 Bodkin Arrow
49:10 Padded Archer Armor
50:00 Elite Bolas Rider
51:07 Leather Archer Armor
52:15 Ballistics
52:56 Chemistry
52:07 Masonry
51:54 Murder Holes
56:02 Malon
56:39 Architecture
56:17 Siege Engineers
61:23 Halberdier
62:09 Scale Mail Armor
62:39 Ring Archer Armor
65:47 Chain Mail Armor
65:56 Elite Skirmisher
67:12 Plate Mail Armor
Connection lost

Rejoining the realm…

Still unreachable

The connection could not be restored.

Session expired

The server has moved on; the page needs a fresh start.